 Dungeon Crawl Stone Soup version 0.23-a0-650-ga4d50d4d25 (webtiles) character file.

208889 Mazzaar the Earth Mage (level 19, -12/130 HPs)
             Began as a Gargoyle Earth Elementalist on Jan 6, 2019.
             Was the Champion of Vehumet.
             Shot with a bolt by a naga sharpshooter (21 damage)
             ... on level 4 of the Snake Pit on Jan 7, 2019.
             The game lasted 03:07:55 (47574 turns).

Mazzaar the Earth Mage (GrEE)                      Turns: 47574, Time: 03:07:56

Health: -12/130    AC: 32    Str: 16    XL:     19   Next: 22%
Magic:  42/44      EV: 18    Int: 23    God:    Vehumet [******]
Gold:   1823       SH:  3    Dex: 12    Spells: 4/43 levels left

rFire    + . .     SeeInvis +   S - +10 morningstar "Eos" {elec, Halo rElec}
rCold    . . .     Gourm    .   (no shield)
rNeg     + . .     Faith    .   I - +2 robe {rF+}
rPois    ∞         Spirit   .   g - +2 helmet {SInv}
rElec    +         Reflect  +   P - +1 cloak
rCorr    .         Harm     .   N - +2 pair of gloves {Str+3}
MR       +....     Clarity  +   f - +1 pair of boots
Stlth    +.........             R - +3 amulet of reflection
HPRegen  0.31/turn              w - ring of wizardry
MPRegen  0.29/turn              o - ring of magical power

@: flying, very slightly contaminated, glowing
A: big wings, talons 1, slimy green scales 1, agile 1, clarity, negative energy
resistance 1, sense surroundings 1, robust 1, electricity resistance,
unbreathing, petrification resistance, rot immunity, AC +14
a: Stop Flying, Renounce Religion


You were on level 4 of the Snake Pit.
You worshipped Vehumet.
Vehumet was exalted by your worship.
You were very full.

You visited 6 branches of the dungeon, and saw 31 of its levels.
You visited the Abyss 1 time.
You also visited: Ossuary, Bailey and Ice Cave.

You collected 4042 gold pieces.
You spent 2219 gold pieces at shops.

Inventory:

Hand Weapons
 e - the +10 quarterstaff of Vuddaxtigec {crush, SInv}
   (You found it on level 10 of the Dungeon)

   It inflicts extra damage upon your enemies.
   It lets you see invisible.
 i - the +8 whip "Snakebite" {curare, rPois}
   (You found it on level 1 of the Lair of Beasts)

   It poisons the flesh of those it strikes.
   It protects you from poison.
 l - the +7 flail of Feumpurgh {drain, rC+ Dex+4}
   (You found it on level 1 of the Elven Halls)

   A truly terrible weapon, it drains the life of those it strikes.
   It affects your dexterity (+4).
   It protects you from cold.
 x - a +0 morningstar
 S - the +10 morningstar "Eos" (weapon) {elec, Halo rElec}
   (You found it on level 3 of the Elven Halls)

   Occasionally, upon striking a foe, it will discharge some electrical energy
   and cause terrible harm.
   It insulates you from electricity.
Missiles
 b - 611 stones (quivered)
Armour
 f - a +1 pair of boots (worn)
 g - a +2 helmet of see invisible (worn)
 I - a +2 robe of fire resistance (worn)
 N - a +2 pair of gloves of strength (worn)
 O - a +2 robe of magic resistance
 P - a +1 cloak (worn)
 Q - the +3 pair of boots of Comp {rElec MR+++ Int-4}
   (You bought it in a shop on level 2 of the Orcish Mines)

   It affects your intelligence (-4).
   It insulates you from electricity.
   It affects your resistance to hostile enchantments.
Jewellery
 o - a ring of magical power (right hand)
 w - a ring of wizardry (left hand)
 F - a +3 ring of protection
 R - a +3 amulet of reflection (around neck)
Wands
 z - a wand of clouds (2)
 A - a wand of acid (13)
 C - a wand of random effects (16)
 E - a wand of iceblast (41)
 G - a wand of polymorph (40)
 H - a wand of digging (6)
 J - a wand of flame (50)
 K - a wand of enslavement (6)
Scrolls
 a - 11 scrolls of teleportation
 n - a scroll of holy word
 p - 3 scrolls of magic mapping
 r - 2 scrolls of immolation
 s - 13 scrolls of remove curse
 y - 6 scrolls of enchant weapon
 D - 8 scrolls of fear
 L - 11 scrolls of identify
Potions
 c - 2 potions of ambrosia
 k - 4 potions of agility
 m - 4 potions of magic
 q - 5 potions of cancellation
 u - 2 potions of haste
 v - 6 potions of lignification
 B - 5 potions of brilliance
 M - 3 potions of resistance
Comestibles
 d - 35 rations


   Skills:
 + Level 13.3 Fighting
 + Level 12.2 Maces & Flails
 - Level 6.0 Armour
 + Level 10.6 Dodging
 - Level 2.1 Stealth
 + Level 12.5 Spellcasting
 + Level 14.1 Conjurations
 - Level 0.7 Transmutations
 * Level 12.5 Fire Magic
 + Level 15.6 Earth Magic
 - Level 6.0 Evocations


You had 4 spell levels left.
You knew the following spells:

 Your Spells              Type           Power        Failure   Level  Hunger
a - Sandblast             Erth           ######       0%          1    None
b - Stone Arrow           Conj/Erth      ######       1%          3    None
c - Lee's Rapid Deconstr  Erth           ######....   1%          5    ###....
d - Bolt of Magma         Conj/Fire/Erth ######....   1%          5    ###....
e - Venom Bolt            Conj/Pois      #####.....   1%          5    ###....
f - Fireball              Conj/Fire      ######....   1%          5    ###....
g - Passwall              Tmut/Erth      ######..     1%          2    None
h - Irradiate             Conj/Tmut      #####.....   1%          5    ###....
i - Ignition              Fire           ######....   17%         8    #######

Your spell library contained the following spells:

 Spells                   Type           Power        Failure   Level  Hunger
 Lehudib's Crystal Spear  Conj/Erth      ######....   8%          8    #######
 Chain Lightning          Conj/Air       #####.....   77%         8    #######
 Fire Storm               Conj/Fire      ######....   80%         9    #######
 Flame Tongue             Conj/Fire      #####        0%          1    None
 Animate Skeleton         Necr           N/A          1%          1    None
 Beastly Appendage        Tmut           ###...       1%          1    None
 Freeze                   Ice            ##..         1%          1    None
 Pain                     Necr           ##..         1%          1    None
 Sticks to Snakes         Tmut           ###.....     1%          2    None
 Throw Flame              Conj/Fire      ######       1%          2    None
 Throw Frost              Conj/Ice       #####.       1%          2    None
 Conjure Flame            Conj/Fire      ######..     1%          3    None
 Ignite Poison            Fire/Tmut/Pois ####....     1%          3    None
 Inner Flame              Hex/Fire       #####...     1%          3    None
 Static Discharge         Conj/Air       #####...     1%          3    None
 Petrify                  Tmut/Erth      ######..     1%          4    None
 Sticky Flame             Conj/Fire      ######..     1%          4    None
 Throw Icicle             Conj/Ice       #####...     1%          4    None
 Spider Form              Tmut/Pois      ###.......   4%          3    None
 Ozocubu's Armour         Chrm/Ice       ##......     5%          3    None
 Regeneration             Chrm/Necr      ##........   5%          3    None
 Vampiric Draining        Necr           ##........   5%          3    None
 Ice Form                 Ice/Tmut       ###.....     16%         4    None
 Animate Dead             Necr           N/A          17%         4    None
 Cause Fear               Hex            ##........   17%         4    None
 Summon Ice Beast         Ice/Summ       ##......     17%         4    None
 Iskenderun's Battlesphe  Conj/Chrm      #####...     1%          5    ###....
 Lightning Bolt           Conj/Air       #####.....   1%          5    ###....
 Bolt of Fire             Conj/Fire      ######....   1%          6    #####..
 Iron Shot                Conj/Erth      ######....   1%          6    #####..
 Orb of Destruction       Conj           ######....   1%          7    ######.
 Bolt of Cold             Conj/Ice       #####.....   4%          6    #####..
 Freezing Cloud           Conj/Ice/Air   #####.....   11%         6    #####..
 Spellforged Servitor     Conj/Summ      #####.....   21%         7    ######.
 Blade Hands              Tmut           ###.......   32%         5    ###....
 Metabolic Englaciation   Hex/Ice        ##........   43%         5    ###....
 Ozocubu's Refrigeration  Ice            ##........   50%         6    #####..
 Shatter                  Erth           ######....   52%         9    #######
 Simulacrum               Ice/Necr       ##........   92%         6    #####..
 Dragon Form              Tmut           ###.......   100%        7    ######.
 Dragon's Call            Summ           ##........   100%        9    #######
 Tornado                  Air            ##........   100%        9    #######


Dungeon Overview and Level Annotations

Branches:
Dungeon (15/15)            Temple (1/1) D:6            Lair (6/6) D:9
  Swamp (0/4) Lair:3        Snake (4/4) Lair:2        Slime (0/5) Lair:6
    Orc (2/2) D:11            Elf (3/3) Orc:2        Vaults (0/5) D:13
 Depths (0/5) D:15

Altars:
Ashenzari
Cheibriados
Dithmenos
Elyvilon
Fedhas
Gozag
Hepliaklqana
Kikubaaqudgha
Makhleb
Nemelex Xobeh
Okawaru
Qazlal
Ru
Sif Muna
Trog
Uskayaw
Vehumet
Wu Jian
Xom
Yredelemnul
Zin
The Shining One
Beogh

Shops:
D:6 %   D:7 :   D:11 (   D:15 *[   Orc:2 =::[   Elf:1 **   Elf:3 [   Snake:3 ?

Annotations:
D:3 3 runed doors, Adamkad1's ghost, amateur FoAK
D:10 3 runed doors, RKaid's ghost, journeyman OgBe
D:15 3 runed doors, DAR's ghost, journeyman HuHu
Elf:2 6 runed doors, Adamkad1's ghost, adept GnWn
Elf:3 1 exclusion


Innate Abilities, Weirdness & Mutations

You are resistant to torment.
Your stone body is resilient. (AC +14)
You are immune to poison.
Your large and strong wings let you fly indefinitely.
You resist negative energy. (rN+)
You are resistant to electric shocks. (rElec)
You can survive without breathing.
You are immune to petrification.
You are immune to rotting.
You have sharp toenails.
You are partially covered in slimy green scales. (AC +2)
You are agile. (Dex +2)
You possess an exceptional clarity of mind.
You passively map a small area around you.
You are robust. (+10% HP)


Message History

The naga mage seems to speed up.
Unknown command.
Unknown command.
You feel better.
The naga sharpshooter gestures wildly while chanting.
The naga sharpshooter magically shoots an arrow.
The arrow hits you but does no damage.
The naga sharpshooter unwields a +0 battleaxe.
The naga sharpshooter wields a +0 arbalest.
The naga sharpshooter shoots a bolt.
The bolt hits you!
* * * LOW HITPOINT WARNING * * *
The salamander mystic hits you but does no damage.
You hear a shout!
Unknown command.
Unknown command.
The naga sharpshooter shoots an arrow.
The arrow closely misses you.
A nagaraja comes into view. It is wielding a +0 whip.
The nagaraja shouts!
The naga sharpshooter shoots a bolt.
The bolt hits you!!
You die...

))N..%#*** #####........,,,,..
())###### #### ##........,,,,.N
..%.###.####..# #..N...###,,,,.N
#...##.......#* ##..##...#**,,,..
...[........?# ##...#*...# *,,,.N
.............###....#*...#**,,,..
.........)....#.....#*..##*,,,,..
......(......(..()..##..#....,,.N
............((((@..##..##....,,#*
.............N....###..#...#*****
.................#N#..##..#****,,
...............N.#.N..#..#**,,,,,
..............N..N...##..#**,,,,,
#..#.....N.....N..##N#...#*,,,,,,
#..##........N...####(...#*,,***,
...###...?....NN####.N..##*,.#*,,
....#####......N.#.....###...#**,


You could see 2 naga warriors, a nagaraja, 3 naga sharpshooters, 2 salamander
mystics, a salamander, a naga ritualist, a naga mage (wandering) and 3 nagas.

Vanquished Creatures
  Vashnia (Snake:2)
  A tentacled starspawn (Abyss:3)
  11 nagarajas
  A deep elf sorcerer (Elf:1)
  An orc warlord (Orc:2)
  A frost giant (IceCv)
  A balrug (Abyss:3)
  Louise (D:15)
  A deep elf elementalist (Elf:3)
  A draconian annihilator (Abyss:3)
  An entropy weaver (shapeshifter) (D:15)
  2 deep elf demonologists (Elf:2)
  A dire elephant (Lair:6)
  The ghost of Zigma the Grappler, a journeyman DrMo of Okawaru (D:12)
  2 deep elf annihilators (Elf:1)
  Nessos (D:12)
  A blizzard demon (Abyss:3)
  Snorg (D:14)
  Josephine (D:15)
  2 deep elf high priests
  4 vault guards (D:13)
  7 anacondas
  9 hydras
  2 centaur warriors (D:14)
  A merfolk avatar (Lair:6)
  12 naga warriors
  7 two-headed ogres
  13 dancing weapons
  A catoblepas (Lair:2)
  9 death yaks
  Urug (D:13)
  9 shock serpents
  4 orc high priests (Orc:2)
  2 salamander mystics
  15 naga sharpshooters
  12 deep elf knights
  2 sun demons (Abyss:3)
  A wretched star (Abyss:3)
  5 sea snakes
  A fire crab (Lair:3)
  Nergalle (Orc:1)
  4 unseen horrors
  3 naga ritualists
  A harpy (shapeshifter) (Elf:1)
  5 deep elf archers
  4 orc knights
  3 mana vipers
  2 wolf spider zombies (D:15)
  6 orc sorcerers
  A wolf spider (D:15)
  40 deep elf magi
  12 ugly things
  6 manticores
  5 cyclopes
  4 centaur zombies
  5 salamanders
  Maurice (D:12)
  13 elephants
  2 guardian serpents
  21 naga magi
  13 spiny frogs
  2 ice statues
  An eye of devastation (shapeshifter) (D:14)
  5 centaur skeletons
  26 black mambas
  3 rime drakes
  5 smoke demons (Abyss:3)
  10 komodo dragons
  An efreet (D:14)
  A redback zombie (D:14)
  A hellwing (Abyss:3)
  A red devil (Abyss:3)
  3 trolls
  A wind drake (Lair:6)
  16 polar bears
  3 raiju
  A bog body (Lair:3)
  4 hornets
  6 slime creatures (D:15)
  7 dream sheep (Lair:6)
  19 blink frogs
  A meliai zombie (D:15)
  11 hippogriffs
  An air elemental (Elf:2)
  3 shadows
  6 wyverns
  A yak (shapeshifter) (D:15)
  2 water elementals
  5 wraiths (D:15)
  A fire elemental (Elf:2)
  4 fire bats (Abyss:3)
  28 yaks
  6 hungry ghosts
  2 basilisks
  5 golden eyes (Abyss:3)
  2 wargs (Orc:1)
  10 vampire mosquitoes
  40 nagas
  2 soldier ants (D:11)
  An acid dragon (D:14)
  2 hell hounds (Lair:1)
  10 porcupines
  A hornet zombie (D:14)
  19 water moccasins
  60 orc warriors
  11 ice beasts
  An ice beast (shapeshifter) (D:14)
  2 sky beasts
  10 wolves
  3 black bears
  3 eyes of draining
  4 phantoms
  15 ogres
  2 necrophages
  24 centaurs
  24 crocodiles
  2 big kobolds
  2 small abominations (Abyss:3)
  13 bullfrogs
  A wyvern zombie (D:13)
  An earth elemental (Elf:1)
  3 scorpions
  5 killer bees (D:13)
  12 wights
  5 electric eels
  3 howler monkeys
  6 crimson imps
  3 quasits (D:4)
  A bullfrog zombie (D:8)
  3 bullfrog skeletons
  6 hounds
  41 orc priests
  4 jellies
  27 orc wizards
  An iron imp (Abyss:3)
  Jessica (D:3)
  A gnoll shaman (D:6)
  12 hell rats (Lair:6)
  10 iguanas
  10 worker ants
  8 mummies (Ossuary)
  A worker ant zombie (D:9)
  2 hound skeletons
  4 gnolls (D:6)
  12 adders
  2 shadow imps
  An ufetubus (Abyss:3)
  2 adder zombies (D:8)
  5 worms
  2 dart slugs
  12 leopard geckos
  144 orcs
  2 ball pythons
  6 giant cockroaches
  A gnoll zombie (Ossuary)
  7 goblins
  7 hobgoblins
  6 jackals
  9 kobolds
  10 quokkas
  3 bats (D:1)
  9 frilled lizards
  A goblin zombie (D:4)
  3 kobold zombies (Ossuary)
  2 leopard gecko skeletons
  4 orc zombies (Ossuary)
  A quokka skeleton (D:4)
  A quokka zombie (D:4)
  4 rats
  A starspawn tentacle (Abyss:3)
1185 creatures vanquished.

Vanquished Creatures (collateral kills)
  An orc knight (Bailey)
  An orc warrior (Bailey)
2 creatures vanquished.

Vanquished Creatures (others)
  A deep elf mage (Elf:2)
  A yak (D:14)
  A leopard gecko (Lair:4)
  6 fungi
  7 plants
  3 starspawn tentacles (Abyss:3)
19 creatures vanquished.

Grand Total: 1206 creatures vanquished

Notes
Turn   | Place    | Note
-------+----------+-------------------------------------------
     0 | D:1      | Mazzaar the Gargoyle Earth Elementalist began the quest for
                  | the Orb.
     0 | D:1      | Reached XP level 1. HP: 10/10 MP: 3/3
   358 | D:1      | Reached skill level 4 in Earth Magic
   358 | D:1      | Reached XP level 2. HP: 15/15 MP: 0/5
   694 | D:1      | Reached XP level 3. HP: 19/19 MP: 6/6
   711 | D:1      | Learned a level 3 spell: Stone Arrow
  1487 | D:2      | Reached skill level 1 in Conjurations
  1522 | D:2      | You fall through a shaft for 2 floors!
  1526 | D:4      | Found a sand-covered staircase.
  1573 | Ossuary  | Entered an ossuary
  1678 | Ossuary  | Reached XP level 4. HP: 17/24 MP: 8/8
  2214 | Ossuary  | Reached skill level 5 in Earth Magic
  2381 | Ossuary  | Reached XP level 5. HP: 15/28 MP: 2/9
  3104 | D:4      | Learned a level 5 spell: Lee's Rapid Deconstruction
  3322 | D:4      | Reached XP level 6. HP: 32/32 MP: 1/11
  3680 | D:3      | Noticed Jessica
  3682 | D:3      | Killed Jessica
  3964 | D:3      | Reached skill level 6 in Earth Magic
  4238 | D:3      | Found a snail-covered altar of Cheibriados.
  4238 | D:3      | Found a blossoming altar of Fedhas.
  4240 | D:3      | Found a shimmering altar of Xom.
  4240 | D:3      | Found a stormy altar of Qazlal.
  4263 | D:3      | Found a hazy altar of Hepliaklqana.
  4309 | D:3      | Found a runed gate.
  4309 | D:3      | Found a runed gate.
  4310 | D:3      | Found a runed gate.
  4321 | D:3      | Found a glowing golden altar of the Shining One.
  4328 | D:3      | Reached XP level 7. HP: 36/36 MP: 13/13
  4548 | D:3      | Noticed Adamkad1's ghost (amateur FoAK)
  4594 | D:4      | Identified the +1 ring mail "Naf Siefewk" {MR+++ Str-4
                  | Stlth+}
  5003 | D:4      | Learned a level 2 spell: Passwall
  5240 | D:5      | Entered Level 5 of the Dungeon
  5240 | D:5      | Found an ornate altar of the Wu Jian Council.
  5402 | D:5      | Found a deep blue altar of Sif Muna.
  5639 | D:5      | Reached skill level 7 in Earth Magic
  5644 | D:5      | Reached skill level 5 in Spellcasting
  5712 | D:5      | Reached XP level 8. HP: 28/41 MP: 8/15
  5929 | D:5      | Found an iron altar of Okawaru.
  6028 | D:5      | Reached skill level 5 in Conjurations
  6166 | D:5      | Reached skill level 1 in Armour
  6270 | D:5      | Reached skill level 1 in Fighting
  6270 | D:5      | Reached skill level 1 in Maces & Flails
  6434 | D:6      | Found Irphorph's Food Shop.
  6864 | D:6      | Gained mutation: You have large cloven feet. [potion of
                  | mutation]
  6864 | D:6      | Gained mutation: Your magical capacity is low. (-10% MP)
                  | [potion of mutation]
  6864 | D:6      | Gained mutation: Your mind is acute. (Int +2) [potion of
                  | mutation]
  6865 | D:6      | Lost mutation: You have large cloven feet. [potion of
                  | mutation]
  6865 | D:6      | Lost mutation: Your mind is acute. (Int +2) [potion of
                  | mutation]
  6865 | D:6      | Gained mutation: Your flesh is cold resistant. (rC+)
                  | [potion of mutation]
  6865 | D:6      | Gained mutation: You have sharp toenails. [potion of
                  | mutation]
  6886 | D:6      | Reached XP level 9. HP: 41/49 MP: 15/15
  7049 | D:6      | Found a staircase to the Ecumenical Temple.
  7061 | Temple   | Entered the Ecumenical Temple
  7299 | D:6      | Found a glowing silver altar of Zin.
  7437 | D:6      | Found a radiant altar of Vehumet.
  7454 | D:6      | Became a worshipper of Vehumet
  7879 | D:7      | Found Oqyih's Book Shoppe.
  7912 | D:7      | Reached skill level 8 in Earth Magic
  8450 | D:8      | Found a shadowy altar of Dithmenos.
  8474 | D:8      | Reached * piety under Vehumet
  8474 | D:8      | Offered knowledge of Sting by Vehumet.
  9654 | D:9      | Lost mutation: Your magical capacity is low. (-10% MP)
                  | [potion of mutation]
  9654 | D:9      | Lost mutation: You have sharp toenails. [potion of
                  | mutation]
  9654 | D:9      | Lost mutation: Your flesh is cold resistant. (rC+) [potion
                  | of mutation]
  9654 | D:9      | Gained mutation: You are agile. (Dex +2) [potion of
                  | mutation]
  9654 | D:9      | Gained mutation: Your spells are a little easier to cast,
                  | but a little less powerful. [potion of mutation]
  9654 | D:9      | Gained mutation: Your mind is acute. (Int +2) [potion of
                  | mutation]
  9654 | D:9      | Gained mutation: You have sharp toenails. [potion of
                  | mutation]
  9662 | D:9      | Reached XP level 10. HP: 56/56 MP: 10/19
  9665 | D:9      | Lost mutation: You are agile. (Dex +2) [potion of mutation]
  9665 | D:9      | Lost mutation: Your mind is acute. (Int +2) [potion of
                  | mutation]
  9665 | D:9      | Lost mutation: Your spells are a little easier to cast, but
                  | a little less powerful. [potion of mutation]
  9665 | D:9      | Lost mutation: You have sharp toenails. [potion of
                  | mutation]
  9665 | D:9      | Gained mutation: You evolve. [potion of mutation]
  9665 | D:9      | Gained mutation: You have sharp toenails. [potion of
                  | mutation]
  9665 | D:9      | Gained mutation: You possess an exceptional clarity of
                  | mind. [potion of mutation]
  9665 | D:9      | Gained mutation: You are agile. (Dex +2) [potion of
                  | mutation]
  9794 | D:9      | Found a staircase to the Lair.
 10158 | D:9      | Noticed a two-headed ogre
 10163 | D:9      | Killed a two-headed ogre
 10163 | D:9      | Reached skill level 9 in Earth Magic
 10974 | D:10     | Entered Level 10 of the Dungeon
 10981 | D:10     | Reached skill level 5 in Armour
 11095 | D:9      | Reached skill level 5 in Fighting
 11257 | D:10     | Reached ** piety under Vehumet
 11257 | D:10     | Offered knowledge of Freeze by Vehumet.
 11609 | D:10     | Noticed RKaid's ghost (journeyman OgBe)
 11635 | D:10     | Found a runed gate.
 11635 | D:10     | Found a runed gate.
 11635 | D:10     | Found a runed gate.
 11727 | D:10     | Gained mutation: Your magical capacity is low. (-10% MP)
                  | [evolution]
 11806 | D:10     | Reached skill level 5 in Maces & Flails
 11806 | D:10     | Reached XP level 11. HP: 50/64 MP: 19/19
 12119 | D:10     | Got an ivory quarterstaff
 12120 | D:10     | Identified the +10 quarterstaff of Vuddaxtigec {crush,
                  | SInv} (You found it on level 10 of the Dungeon)
 12709 | D:11     | Offered knowledge of Conjure Flame by Vehumet.
 13201 | D:11     | Reached skill level 10 in Earth Magic
 13203 | D:11     | Reached skill level 1 in Evocations
 13212 | D:11     | Gained mutation: You passively map a small area around you.
                  | [evolution]
 13281 | D:11     | Reached *** piety under Vehumet
 13457 | D:11     | Found Otumupu's Antique Weapon Shoppe.
 13702 | D:11     | Found a staircase to the Orcish Mines.
 13839 | D:11     | Reached skill level 5 in Dodging
 14020 | D:12     | Noticed a manticore
 14028 | D:12     | Killed a manticore
 14290 | D:12     | Offered knowledge of Static Discharge by Vehumet.
 14323 | D:12     | Noticed an unseen horror
 14339 | D:12     | Killed an unseen horror
 14352 | D:12     | Noticed a manticore
 14362 | D:12     | Killed a manticore
 14572 | D:12     | Noticed a cyclops
 14574 | D:12     | Noticed Maurice
 14582 | D:12     | Killed a cyclops
 14603 | D:12     | Killed Maurice
 14834 | D:12     | Reached **** piety under Vehumet
 14947 | D:12     | Noticed Nessos
 14969 | D:12     | Killed Nessos
 14969 | D:12     | Reached XP level 12. HP: 24/71 MP: 2/21
 15231 | D:12     | Offered knowledge of Inner Flame by Vehumet.
 15744 | D:12     | Found a runed gate.
 15745 | D:12     | Noticed Zigma's ghost (journeyman DrMo)
 15746 | D:12     | Found a runed gate.
 15747 | D:12     | Found a runed gate.
 15758 | D:12     | Found a roughly hewn altar of Beogh.
 15758 | D:12     | Identified the +1 scimitar "Eschacae" {holy, *Rage rPois
                  | Str+6}
 15758 | D:12     | Identified the +4 plate armour "Cueming" {rPois rF+ rN+}
 15990 | D:12     | HP: 2/72 [orc priest/divine providence (10)]
 16004 | D:12     | Killed Zigma's ghost
 16387 | D:13     | Reached skill level 11 in Earth Magic
 16420 | D:13     | Noticed a two-headed ogre
 16430 | D:13     | Killed a two-headed ogre
 16598 | D:13     | Noticed a vault guard
 16599 | D:13     | Noticed a vault guard
 16599 | D:13     | Noticed a two-headed ogre
 16599 | D:13     | Noticed an eight-headed hydra
 16602 | D:13     | Killed a two-headed ogre
 16602 | D:13     | Reached ***** piety under Vehumet
 16602 | D:13     | Noticed a vault guard
 16603 | D:13     | Killed an eight-headed hydra
 16624 | D:13     | Lost mutation: Your magical capacity is low. (-10% MP)
                  | [evolution]
 16633 | D:13     | Killed a vault guard
 16633 | D:13     | Killed a vault guard
 16634 | D:13     | Killed a vault guard
 16634 | D:13     | Reached XP level 13. HP: 35/78 MP: 13/25
 16637 | D:13     | Offered knowledge of Venom Bolt by Vehumet.
 16640 | D:13     | Noticed Urug
 16878 | D:12     | Learned a level 5 spell: Venom Bolt
 16994 | D:13     | Noticed a vault guard
 17005 | D:13     | Killed a vault guard
 17154 | D:13     | Found a gate to the Vaults.
 17703 | D:13     | Killed Urug
 18260 | D:14     | Reached skill level 10 in Conjurations
 18307 | D:14     | Noticed Snorg
 18342 | D:14     | Found a flagged portal.
 18351 | Bailey   | Entered a bailey
 18832 | Bailey   | Reached skill level 5 in Evocations
 20234 | D:14     | Reached skill level 12 in Earth Magic
 20737 | D:14     | Killed Snorg
 21248 | Lair:1   | Entered Level 1 of the Lair of Beasts
 21285 | Lair:1   | Found a frozen archway.
 21356 | IceCv    | Entered an ice cave
 21760 | IceCv    | Gained mutation: Your large and strong wings let you fly
                  | indefinitely. [Gargoyle growth]
 21760 | IceCv    | Reached XP level 14. HP: 86/86 MP: 24/27
 21938 | IceCv    | Noticed a frost giant
 21951 | IceCv    | Killed a frost giant
 22791 | Lair:1   | Gained mutation: You are partially covered in slimy green
                  | scales. (AC +2) [evolution]
 22992 | Lair:1   | Offered knowledge of Bolt of Magma by Vehumet.
 23003 | Lair:1   | Learned a level 5 spell: Bolt of Magma
 23248 | Lair:1   | Found the +8 whip "Snakebite" {curare, rPois}
 23405 | Lair:1   | Reached skill level 1 in Fire Magic
 24748 | Lair:2   | Found a staircase to the Snake Pit.
 25306 | Lair:3   | Reached skill level 10 in Spellcasting
 25377 | Lair:3   | Reached skill level 10 in Fighting
 25480 | Lair:3   | Found a staircase to the Swamp.
 26502 | Lair:4   | Reached skill level 13 in Earth Magic
 26502 | Lair:4   | Reached XP level 15. HP: 53/92 MP: 29/29
 27652 | Lair:5   | Learned a level 5 spell: Fireball
 28153 | Lair:5   | Offered knowledge of Irradiate by Vehumet.
 28160 | Lair:5   | Learned a level 5 spell: Irradiate
 28528 | Lair:5   | Gained mutation: You are robust. (+10% HP) [evolution]
 28528 | Lair:5   | Lost mutation: You evolve. [end of evolution]
 28656 | Lair:5   | Reached skill level 5 in Fire Magic
 29010 | Lair:6   | Entered Level 6 of the Lair of Beasts
 29668 | Lair:6   | Reached skill level 10 in Maces & Flails
 30277 | Lair:6   | Found a staircase to the Slime Pits.
 30731 | Orc:1    | Entered Level 1 of the Orcish Mines
 30731 | Orc:1    | Noticed Nergalle
 30735 | Orc:1    | Killed Nergalle
 31073 | Orc:1    | Offered knowledge of Iron Shot by Vehumet.
 31181 | Orc:2    | Entered Level 2 of the Orcish Mines
 31729 | Orc:2    | Reached XP level 16. HP: 92/110 MP: 20/30
 31855 | Orc:2    | Found a staircase to the Elven Halls.
 32274 | Orc:2    | Found a roughly hewn altar of Beogh.
 32754 | Orc:2    | Found Pypauf's Book Shoppe.
 32812 | Orc:2    | Found Ohacihim's Jewellery Emporium.
 33158 | Orc:2    | Reached ****** piety under Vehumet
 33310 | Orc:2    | Offered knowledge of Bolt of Fire by Vehumet.
 33457 | Orc:2    | Found a roughly hewn altar of Beogh.
 33530 | Orc:2    | Found Xitoym's Antique Armour Boutique.
 33551 | Orc:2    | Bought a pair of polished boots for 266 gold pieces
 33561 | Orc:2    | Identified the +3 pair of boots of Comp {rElec MR+++ Int-4}
                  | (You bought it in a shop on level 2 of the Orcish Mines)
 33580 | Orc:2    | Found Jymour's Book Shop.
 34222 | D:15     | Entered Level 15 of the Dungeon
 34338 | D:15     | Noticed Josephine
 34346 | D:15     | Killed Josephine
 34704 | D:15     | Found a runed gate.
 34710 | D:15     | Found Nuxeqoomm's Antique Armour Shop.
 34725 | D:15     | Noticed DAR's ghost (journeyman HuHu)
 34742 | D:15     | Noticed Louise
 34789 | D:15     | Found a runed gate.
 34789 | D:15     | Found a runed gate.
 35518 | D:15     | Killed Louise
 35518 | D:15     | Reached skill level 14 in Earth Magic
 35527 | D:15     | Found Posa's Assorted Antiques.
 35696 | D:15     | Found a shadowy altar of Dithmenos.
 36141 | D:15     | Found a staircase to the Depths.
 36596 | D:7      | Bought a book of Power for 720 gold pieces
 36730 | Orc:2    | Bought a book of the Tempests for 910 gold pieces
 36800 | Elf:1    | Entered Level 1 of the Elven Halls
 37408 | Elf:1    | Offered knowledge of Conjure Ball Lightning by Vehumet.
 37489 | Elf:1    | Found Mino's Assorted Antiques.
 37489 | Elf:1    | Found Vuen's Assorted Antiques.
 37523 | Elf:1    | Bought a steaming helmet for 323 gold pieces
 37523 | Elf:1    | Identified the +1 helmet of Apathy {*Contam *Slow +Fly
                  | Dex+7} (You bought it in a shop on level 1 of the Elven
                  | Halls)
 37934 | Elf:1    | Identified the +7 flail of Feumpurgh {drain, rC+ Dex+4}
                  | (You found it on level 1 of the Elven Halls)
 37964 | Elf:1    | Reached XP level 17. HP: 114/116 MP: 30/32
 39084 | Elf:2    | Identified the Incunabulum of Summoning and Contamination
 39575 | Elf:2    | Reached skill level 10 in Fire Magic
 39605 | Elf:2    | Noticed Adamkad1's ghost (adept GnWn)
 39627 | Elf:2    | Found an ancient bone altar of Kikubaaqudgha.
 39651 | Elf:2    | Offered knowledge of Poison Arrow by Vehumet.
 39713 | Elf:2    | Found a runed gate.
 39713 | Elf:2    | Found a runed gate.
 39713 | Elf:2    | Found a runed gate.
 39755 | Elf:2    | Found a runed gate.
 39755 | Elf:2    | Found a runed gate.
 39804 | Elf:2    | Found a runed gate.
 40041 | Elf:3    | Entered Level 3 of the Elven Halls
 40041 | Elf:3    | Found the +10 morningstar "Eos" {elec, Halo rElec}
 40112 | Elf:3    | Found Usumoisu's Antique Armour Boutique.
 40560 | Elf:3    | Identified the cursed +1 robe of Nakke {rPois rF+} (You
                  | found it on level 3 of the Elven Halls)
 41111 | Elf:3    | Cast into level 3 of the Abyss (a deep elf demonologist)
 41136 | Abyss:3  | Found a shattered altar of Ashenzari.
 41250 | Abyss:3  | Found a corrupted altar of Lugonu.
 41308 | Abyss:3  | Found a basalt altar of Yredelemnul.
 41382 | Abyss:3  | Noticed a tentacled starspawn
 41398 | Abyss:3  | Killed a tentacled starspawn
 41490 | Elf:3    | Escaped the Abyss
 42073 | Snake:1  | Entered Level 1 of the Snake Pit
 42830 | Snake:1  | Reached XP level 18. HP: 122/123 MP: 33/33
 43088 | Snake:2  | Reached skill level 10 in Dodging
 43089 | Snake:2  | Offered knowledge of Lehudib's Crystal Spear by Vehumet.
 43089 | Snake:2  | Offered knowledge of Fire Storm by Vehumet.
 43089 | Snake:2  | Offered knowledge of Chain Lightning by Vehumet.
 43522 | Snake:2  | Reached skill level 15 in Earth Magic
 43978 | Snake:2  | Noticed Vashnia
 44028 | Snake:2  | Killed Vashnia
 45577 | Snake:3  | Found Joegh's Magic Scroll Boutique.
 46320 | Snake:3  | Identified 2 scrolls of acquirement
 47107 | Snake:4  | Entered Level 4 of the Snake Pit
 47110 | Snake:4  | Found a sacrificial altar of Ru.
 47138 | Snake:4  | Learned a level 8 spell: Ignition
 47207 | Snake:4  | Reached XP level 19. HP: 83/130 MP: 35/35
 47557 | Snake:4  | HP: 4/130 [naga sharpshooter/bolt (25)]
 47574 | Snake:4  | Shot with a bolt by a naga sharpshooter

Vault maps used:
D:1:      nzn_arrival_water_spiral
D:2:      minmay_bisected
D:3:      lemuel_crystal_altar, grunt_temple_overflow_open,
          gammafunk_ghost_necromancy, uniq_jessica
D:4:      cheibrodos_quashed, enter_ossuary_4, first_ration
D:5:      old_standard_altar, kennysheep_mini, lemuel_coloured_pillars_altar
D:6:      lemuel_crystal_altar, lemuel_doored_altar, minmay_temple_entry_wispy,
          serial_shops, nicolae_shop_statue_plus, corexii_corridor_pit,
          kennysheep_generic_room_5
D:7:      serial_shops, nicolae_shop_temple_entry_statues_fountains
D:8:      nicolae_dithmenos_the_darkroom, blue_anna_alchemist,
          minmay_misc_feat_plants
D:9:      grunt_lair_entry_orc_guard_hut
D:10:     gammafunk_ghost_icy
D:11:     erik_orc_2, serial_shops, nicolae_shop_trees
D:12:     biasface_ghost_orc_armoury, uniq_nessos, uniq_maurice
D:13:     minmay_statue_hallways, lightli_vaults_fourway_checkpoint,
          serial_glass, glass_columns_a, glass_columns_c, glass_columns_b,
          glass_columns_c, minmay_misc_feat_four_crosses, uniq_urug
D:14:     enter_bailey_1, minivault_14, uniq_snorg
D:15:     hangedman_depths_entry_try_elsewhere_first,
          maelrawn_ghost_gauntlet_escape, serial_shops, shop,
          nicolae_shop_trees, lemuel_altar_in_water, uniq_josephine, uniq_louise
Temple:   dpeg_chambers_temple
Lair:1:   minmay_guarded_unrand_snakebite, portal_ice_cave_entry_ice_beasts,
          enter_volcano_3
Lair:2:   guppyfry_snake_entry_island, ldierk_geyser,
          chequers_serial_rivers_small_a
Lair:3:   skrybe_swamp_entry_bodies
Lair:4:   lemuel_reptile_caves, st_stairs_8
Lair:6:   gammafunk_lair_ancient_temple, dpeg_slime_entry_corner,
          lemuel_old_faithful
Snake:1:  grunt_megastairs_3
Snake:2:  nicolae_snake_shapes, lemuel_fruit_tree, uniq_vashnia
Snake:3:  serial_shops, shop, spider_trap, serial_bayou_shore_a
Snake:4:  snake_pit, basic_altar
Orc:1:    uniq_nergalle
Orc:2:    pubby_orc_utopia, serial_shops
Elf:1:    elf_arrival_002, hangedman_elf_represent, minmay_shoptagon
Elf:2:    gammafunk_ghost_split, basic_altar
Elf:3:    minmay_elf_hall_not_hex, serial_shops, nicolae_shop_overgrown_old_shop
Ossuary:  ossuary_tomb_3
Bailey:   bailey_polearm_1, bailey
IceCv:    ice_cave_small_giant

Skill      XL: |  1  2  3  4  5  6  7  8  9 10 11 12 13 14 15 16 17 18 19 |
---------------+----------------------------------------------------------+-----
Earth Magic    | 4 5 6 7 8 9 10 11 12 13 14 15 | 15.6
Conjurations   | 1 2 3 4 5 6 7 8 9 10 11 12 13 14 | 14.1
Spellcasting   | 3 4 5 6 7 8 9 10 11 12 | 12.5
Armour         | 2 4 5 6 |  6.0
Fighting       | 2 4 5 6 8 9 10 11 12 13 | 13.3
Maces & Flails | 2 3 5 6 7 8 9 10 11 12 | 12.2
Dodging        | 2 3 4 5 6 7 8 9 10 | 10.6
Evocations     | 2 4 5 6 |  6.0
Fire Magic     | 3 6 9 10 12 | 12.5
Stealth        | |  2.1
Transmutations | |  0.7

Action                   |  1- 3 |  4- 6 |  7- 9 | 10-12 | 13-15 | 16-18 | 19-21 || total
-------------------------+-------+-------+-------+-------+-------+-------+-------++-------
Melee: Unarmed           |    11 |       |       |       |       |       |       ||    11
       Dagger            |   101 |    88 |       |       |       |       |       ||   189
       Short sword       |       |    52 |   406 |    93 |       |       |       ||   551
       Quarterstaff      |       |       |       |   239 |  1041 |   502 |       ||  1782
       Morningstar       |       |       |       |       |       |   510 |    19 ||   529
 Cast: Sandblast         |    25 |    46 |    41 |   101 |    18 |       |       ||   231
       Stone Arrow       |       |    12 |    24 |    75 |    65 |       |       ||   176
       Lee's Rapid Decon |       |     2 |    10 |    33 |    26 |    18 |     4 ||    93
       Passwall          |       |       |     4 |       |       |       |       ||     4
       Venom Bolt        |       |       |       |       |    59 |    93 |     3 ||   155
       Bolt of Magma     |       |       |       |       |    64 |    45 |     5 ||   114
       Irradiate         |       |       |       |       |     5 |    22 |       ||    27
       Fireball          |       |       |       |       |       |     2 |       ||     2
       Ignition          |       |       |       |       |       |     3 |     6 ||     9
 Abil: Fly               |       |       |       |       |     1 |     1 |       ||     2
       Stop Flying       |       |       |       |       |       |     1 |       ||     1
Evoke: Wand              |       |       |       |     2 |     7 |     3 |     3 ||    15
  Use: Scroll            |     6 |     7 |     8 |    10 |     9 |    17 |     2 ||    59
       Potion            |       |       |     3 |    11 |     4 |    19 |    12 ||    49
 Stab: Sleeping          |     3 |     1 |     3 |     2 |     8 |     3 |       ||    20
       Distracted        |       |       |       |     1 |     3 |       |       ||     4
  Eat: Chunk             |     3 |     6 |    19 |    26 |    55 |    38 |     5 ||   152
       Ration            |       |     1 |     2 |     1 |     7 |    12 |     3 ||    26
Armor: Robe              |    42 |    47 |   242 |   213 |   691 |   791 |    24 ||  2050
Dodge: Dodged            |    79 |    84 |   351 |   315 |  1084 |  1067 |    44 ||  3024
Block: Other             |       |       |       |       |       |    83 |     4 ||    87
       Reflection        |       |       |       |       |       |     6 |       ||     6

Table legend:
 A = Non-vault XP
 B = Vault XP
 C = Vault XP percentage of total XP
 D = Non-vault monster count
 E = Vault monster count
 F = Vault count percentage of total count
                 A         B        C        D         E       F
            +---------+---------+-------+---------+---------+-------
      Total |  219419 |  115304 |  34.4 |     769 |     418 |  35.2
            +---------+---------+-------+---------+---------+-------
        D:1 |      36 |       0 |   0.0 |      22 |       0 |   0.0
        D:2 |      37 |       7 |  15.9 |       9 |       2 |  18.2
        D:3 |     193 |      37 |  16.1 |      30 |       1 |   3.2
        D:4 |     364 |     137 |  27.3 |      18 |       5 |  21.7
        D:5 |     623 |       0 |   0.0 |      15 |       0 |   0.0
        D:6 |     855 |      37 |   4.1 |      26 |       1 |   3.7
        D:7 |     597 |       0 |   0.0 |      22 |       0 |   0.0
        D:8 |     939 |     100 |   9.6 |      19 |       1 |   5.0
        D:9 |    2081 |     622 |  23.0 |      18 |       4 |  18.2
       D:10 |    3524 |       0 |   0.0 |      28 |       0 |   0.0
       D:11 |    2322 |     803 |  25.7 |      29 |      21 |  42.0
       D:12 |    7372 |    4000 |  35.2 |      46 |      18 |  28.1
       D:13 |    4940 |    7782 |  61.2 |      26 |      14 |  35.0
       D:14 |   10603 |    1095 |   9.4 |      41 |       1 |   2.4
       D:15 |   14168 |    6451 |  31.3 |      49 |      11 |  18.3
     Lair:1 |    6596 |    3111 |  32.0 |      12 |      19 |  61.3
     Lair:2 |    3219 |     323 |   9.1 |      13 |       2 |  13.3
     Lair:3 |    5548 |     274 |   4.7 |      15 |       1 |   6.2
     Lair:4 |    9248 |    2645 |  22.2 |      30 |      31 |  50.8
     Lair:5 |    8021 |       0 |   0.0 |      20 |       0 |   0.0
     Lair:6 |   10710 |    9822 |  47.8 |      45 |      24 |  34.8
    Snake:1 |    8444 |    1094 |  11.5 |      19 |       2 |   9.5
    Snake:2 |   13816 |   11127 |  44.6 |      29 |      12 |  29.3
    Snake:3 |   26324 |       0 |   0.0 |      40 |       0 |   0.0
    Snake:4 |   14861 |   24041 |  61.8 |      24 |      29 |  54.7
      Orc:1 |    2737 |     777 |  22.1 |      25 |       1 |   3.8
      Orc:2 |       0 |   17754 | 100.0 |       0 |     133 | 100.0
      Elf:1 |   17715 |   10309 |  36.8 |      23 |      15 |  39.5
      Elf:2 |   22552 |       0 |   0.0 |      37 |       0 |   0.0
      Elf:3 |    6875 |    1453 |  17.4 |      10 |       1 |   9.1
    Abyss:3 |   14099 |       0 |   0.0 |      29 |       0 |   0.0
    Ossuary |       0 |     147 | 100.0 |       0 |      16 | 100.0
     Bailey |       0 |    1637 | 100.0 |       0 |      17 | 100.0
      IceCv |       0 |    9719 | 100.0 |       0 |      36 | 100.0
            +---------+---------+-------+---------+---------+-------
